 Dungeon Crawl Stone Soup version 0.29.1-15-g9cfb28693d (webtiles) character file.

Game seed: 4176011415245878680

583 bnorton916 the Magician (level 7, -2/36 HPs)
             Began as a Deep Elf Fire Elementalist on Mar 1, 2023.
             Was an Initiate of Gozag.
             Slain by a gnoll
             ... wielding a +0 halberd
             ... led by a gnoll bouda
              (10 damage)
             ... on level 6 of the Dungeon.
             The game lasted 00:06:22 (4983 turns).

bnorton916 the Magician (DEFE)                      Turns: 4983, Time: 00:06:23

Health: -2/36      AC:  5    Str: 11    XL:     7   Next: 14%
Magic:  12/18      EV: 12    Int: 26    God:    Gozag
Gold:   492        SH:  0    Dex: 15    Spells: 7/18 levels left

rFire   . . .      SeeInvis .   y - +8 sling of Hawke {vorpal, Int+4}
rCold   . . .      Faith    .   (no shield)
rNeg    . . .      Spirit   .   n - +2 robe {Will+}
rPois   .          Reflect  .   (no helmet)
rElec   .          Harm     .   (no cloak)
rCorr   .          Rampage  .   j - +0 pair of gloves
Will    +....                   (no boots)
Stlth   +.........              (no amulet)
HPRegen 0.12/turn               i - +6 ring of strength
MPRegen 0.16/turn               (no ring)

@: very slow
A: no striking features
a: Renounce Religion, Potion Petition, Call Merchant, Bribe Branch


You were on level 6 of the Dungeon.
You worshipped Gozag.
Gozag was aware of your devotion.
You visited 1 branch of the dungeon, and saw 5 of its levels.
You also visited: Sewer.

You collected 518 gold pieces.
You paid 26 gold pieces to Gozag.

Inventory:

Hand Weapons
 c - a +2 short sword of venom
 g - a +0 short sword of draining
 y - the +8 sling of Hawke (weapon) {vorpal, Int+4}
   (You found it in a sewer)

   Any ammunition fired from it inflicts extra damage upon your enemies.
   Int:       It affects your intelligence (+4).
 E - a +0 dagger of electrocution
Missiles
 F - 5 poisoned darts
Armour
 j - a +0 pair of gloves (worn)
 n - a +2 robe of willpower (worn)
 s - the +1 ring mail of Relativism {rElec Str+5 Int+4 Dex-3}
   (You found it on level 2 of the Dungeon)

   Str:       It affects your strength (+5).
   Int:       It affects your intelligence (+4).
   Dex:       It affects your dexterity (-3).
   rElec:     It insulates you from electricity.
 v - the +4 ring mail "Fefy" {Rampage *Slow rElec}
   (You found it on level 3 of the Dungeon)

   rElec:     It insulates you from electricity.
   *Slow:     It may slow you when you take damage.
   Rampage:   It bestows one free step when moving towards enemies.
Jewellery
 i - a +6 ring of strength (left hand)
 p - a ring of ice
 u - an amulet of regeneration
Wands
 w - a wand of flame (11)
Scrolls
 d - a scroll of fear
 h - a scroll of vulnerability {unknown}
 l - a scroll of enchant weapon {unknown}
 o - 2 scrolls of immolation {unknown}
 r - 2 scrolls of poison
 t - a scroll of torment
 C - a scroll of teleportation {unknown}
Potions
 a - 3 potions of haste
 b - 2 potions of magic
 e - a potion of heal wounds {unknown}
 f - a potion of flight {unknown}
 k - a potion of brilliance {unknown}
 m - a potion of degeneration {unknown}
 q - a potion of ambrosia {unknown}
 x - a potion of curing {unknown}
 z - a potion of experience {unknown}
 A - 2 potions of mutation {unknown}
 B - 2 potions of might {unknown}
 D - a potion of resistance {unknown}


   Skills:
 - Level 2.4 Dodging
 - Level 2.4 Stealth
 + Level 6.3 Spellcasting
 + Level 4.6 Conjurations
 + Level 5.7 Fire Magic
 + Level 1.8 Earth Magic


You had 7 spell levels left.
You knew the following spells:

 Your Spells              Type           Power      Damage    Failure   Level
a - Foxfire               Conj/Fire      100%       2x1d9     1%          1
b - Scorch                Fire           76%        2d9       1%          2
c - Conjure Flame         Conj/Fire      35%        6-21      2%          3
d - Flame Wave            Conj/Fire      35%        2d10      8%          4
e - Sandblast             Erth           34%        2d9       3%          1

Your spell library contained the following spells:

 Spells                   Type           Power      Damage    Failure   Level
 Stone Arrow              Conj/Erth      50%        3d10      5%          3
 Inner Flame              Hex/Fire       23%        N/A       6%          3
 Passwall                 Tmut/Erth      10%        N/A       7%          2
 Ensorcelled Hibernation  Hex/Ice        16%        N/A       10%         2
 Ozocubu's Armour         Ice            8%         N/A       21%         3
 Swiftness                Air            8%         N/A       21%         3
 Metabolic Englaciation   Hex/Ice        4%         N/A       88%         5
 Simulacrum               Ice/Necr       Unusable   N/A       N/A         6

Dungeon Overview and Level Annotations

Branches:
Dungeon (7/15)              Sewer (visited)
 Temple: D:4-7

Altars:
Gozag


Message History

You have reached level 7!
Casting: Foxfire (safe; 1% risk of failure)
Confirm with . or Enter, or press ? or * to list all spells.
Flames lash the gnoll.
The gnoll is almost dead.
The gnoll's fire resistance burns away.
A gnoll comes into view. It is wielding a +0 spear.
A gnoll bouda comes into view. It is wielding a +0 club.
The gnoll hits you with a +0 club.
Unknown command.
A gnoll comes into view. It is wielding a +0 halberd.
The gnoll attacks as you move away! The gnoll barely misses you.
A shadow imp comes into view.
The gnoll hits you with a +0 club.
The gnoll is no longer more vulnerable to fire.
The gnoll is no longer moving quickly.
The gnoll bouda barks out a call to the hunt!
The gnoll picks up the pace!
The gnoll closely misses you.
The shadow imp shouts!
The gnoll attacks as you move away! The gnoll barely misses you.
The gnoll is no longer moving quickly.
The gnoll attacks as you move away! The gnoll barely misses you.
There is an open door here.
You enter the shallow water.
Moving in this stuff is going to be slow.
The gnoll barely misses you.
Casting: Scorch (safe; 1% risk of failure)
Confirm with . or Enter, or press ? or * to list all spells.
You conjure some foxfire!
The gnoll hits you from afar with a +0 halberd.
The gnoll hits you with a +0 flail!
* * * LOW HITPOINT WARNING * * *
The gnoll is no longer moving quickly.
The foxfire hits the gnoll.
The gnoll is moderately wounded.
The foxfire hits the gnoll but does no damage.
The gnoll is moderately wounded.
The gnoll hits you from afar with a +0 halberd!
You die...
Your body crumbles into a pile of gold.

... #... .$.#
...####..######..##
......#..#~~.~#.5.##
#
##.......##''##g#..##
##
..........#~~#(.#...#
.$
.........##~~##.....#
.#
#.......#~~~~#.#...#
.. #.....#§§~~#..####
.. #.....##@~##g...#
.. #......#~g#.....#
.. ####.#.+##gg#####
.. #.......## ..
##.###### . ..
..####~~~~#
#.##...~~~≈≈~# ###
#....~~~≈≈≈≈~#
~~####~~~~≈≈≈≈~~.#


You could see 3 gnolls.

Vanquished Creatures
  Sigmund (D:6)
  A kobold brigand (Sewer)
  A bullfrog (D:6)
  A scorpion (D:6)
  A hound (D:6)
  Jessica (D:2)
  3 gnolls (D:3)
  3 adders (D:3)
  A river rat (D:6)
  A white imp (D:6)
  2 worms (D:2)
  2 dart slugs
  6 ball pythons
  8 bats
  6 endoplasms
  7 giant cockroaches
  5 goblins
  4 hobgoblins
  11 jackals
  4 quokkas
  4 frilled lizards
  19 kobolds
  4 rats
96 creatures vanquished.

Vanquished Creatures (collateral kills)
  2 foxfires (Sewer)
2 creatures vanquished.

Vanquished Creatures (others)
  317 foxfires
317 creatures vanquished.

Grand Total: 415 creatures vanquished

Notes
Turn   | Place    | Note
-------+----------+-------------------------------------------
     0 | D:1      | bnorton916 the Deep Elf Fire Elementalist began the quest
                  | for the Orb.
     0 | D:1      | Reached XP level 1. HP: 10/10 MP: 6/6
   224 | D:1      | Reached XP level 2. HP: 15/15 MP: 1/8
   366 | D:1      | Found a faded altar of an unknown god.
   603 | D:1      | Learned a level 2 spell: Scorch
  1421 | D:2      | Reached XP level 3. HP: 12/19 MP: 5/10
  1787 | D:2      | Reached skill level 4 in Spellcasting
  1957 | D:2      | Noticed Jessica
  1966 | D:2      | Learned a level 3 spell: Conjure Flame
  1978 | D:2      | Killed Jessica
  1979 | D:2      | Reached XP level 4. HP: 20/24 MP: 4/12
  2285 | D:2      | Found an opulent altar of Gozag.
  2290 | D:2      | Became a worshipper of Gozag Ym Sagoz the Greedy
  2658 | D:2      | Identified the +1 ring mail of Relativism {rElec Str+5
                  | Int+4 Dex-3}
  3132 | D:3      | Reached XP level 5. HP: 28/28 MP: 11/14
  3413 | D:3      | Identified the +4 ring mail "Fefy" {Rampage *Slow rElec}
  3568 | D:3      | You fall into a shaft and drop 3 floors!
  3634 | D:6      | Reached skill level 5 in Spellcasting
  3639 | D:6      | Reached skill level 5 in Fire Magic
  3669 | D:6      | Reached XP level 6. HP: 28/32 MP: 9/16
  3829 | D:6      | Found a glowing drain.
  3833 | Sewer    | Entered a sewer
  4049 | Sewer    | Learned a level 4 spell: Flame Wave
  4051 | Sewer    | Learned a level 1 spell: Sandblast
  4377 | Sewer    | Identified the +8 sling of Hawke {vorpal, Int+4}
  4585 | Sewer    | Reached skill level 6 in Spellcasting
  4959 | D:6      | Noticed Sigmund
  4969 | D:6      | Killed Sigmund
  4970 | D:6      | Reached skill level 1 in Earth Magic
  4970 | D:6      | Reached XP level 7. HP: 26/36 MP: 13/18
  4983 | D:6      | Slain by a gnoll

Illustrated notes

Levels and vault maps discovered:
D:1:      matt_arrival_refuge, layout_basic,
          hellmonk_ecumenical_altar_crossroads, hangedman_decor_push
D:2:      layout_basic, basic_altar, uniq_jessica
D:3:      layout_basic
D:6:      wander_river, layout_rooms, gup_sewer_entry_bowl, uniq_edmund,
          uniq_sigmund
D:7:      layout_basic, minmay_temple_entry_junction_2, serial_corexii_hall,
          corexii_hall_statues_s, corexii_hall_statues_x,
          corexii_hall_statues_s, hellmonk_guarded_unrand_gyre_and_gimble,
          uniq_menkaure, uniq_duvessa

Skill      XL: |  1  2  3  4  5  6 |
---------------+-------------------+-----
Conjurations   | 2 3 4 |  4.6
Spellcasting   | 4 5 6 |  6.3
Fire Magic     | 4 5 |  5.7
Earth Magic    | 1 |  1.8
Dodging        | |  2.4
Stealth        | |  2.4

Action                   |  1- 3 |  4- 6 |  7- 9 || total
-------------------------+-------+-------+-------++-------
 Cast: Foxfire           |    99 |    83 |     1 ||   183
       Scorch            |     2 |    27 |     1 ||    30
  Use: Scroll            |       |     3 |       ||     3
       Potion            |       |     1 |       ||     1
Armor: Robe              |     2 |     7 |       ||     9
Dodge: Dodged            |     5 |    14 |     5 ||    24
